AoeStats
← Legendario

Arena

510824064Analyzed
4v4 RM · 1d ago on Oct 2, 2026· 25m 2s· 8 players
Game mode
Random Map
Map size
Large (8 player)
Population
200
Speed
Normal
Resources
Standard
Victory
Conquest
Starting age
Dark Age
Ending age
Imperial Age
RankedLock teamsTeams togetherTeam positionsShared explorationLock speedFull tech treeHidden civsTurbo modeCheats
Victory
Defeat
🇸🇰 Danes · Slovakia
1153
+12
🇸🇰 Varangians · Slovakia
1090
+14
🇸🇰 Armenians · Slovakia
1058
+16
🇸🇰 Bohemians · Slovakia
1044
+16
🇵🇱 Bohemians · Poland
1082
-15
🇹🇷 Turks · Türkiye
1065
-15
🇪🇸 Goths · Spain
1035
-14
🇺🇸 Poles · United States
1035
-14
Legendario
0:28 Loom
12:12 Feudal Age
16:07 Castle Age
14:32 Double-Bit Axe
14:38 Horse Collar
20:47 Fletching
Player
11:10 Feudal Age
12:03 Double-Bit Axe
15:05 Castle Age
16:29 Bow Saw
17:19 Fervor
17:33 Horse Collar
22:14 Caravan
22:31 Loom
23:21 Wheelbarrow
thelight00001
11:08 Feudal Age
14:59 Castle Age
13:11 Double-Bit Axe
13:10 Horse Collar
22:18 Scale Barding Armor
22:24 Forging
telefontel1
9:35 Feudal Age
14:30 Castle Age
12:37 Horse Collar
13:59 Double-Bit Axe
25:01 Wheelbarrow
s4p
10:23 Feudal Age
14:37 Castle Age
13:16 Horse Collar
13:43 Double-Bit Axe
16:32 Bow Saw
17:16 Heavy Plow
21:19 Wheelbarrow
22:52 Hand Cart
22:26 Loom
24:16 Fervor
25:57 Chemistry
Chântalion
10:29 Feudal Age
11:51 Double-Bit Axe
14:41 Castle Age
14:04 Horse Collar
15:28 Scale Mail Armor
16:24 Gold Mining
25:54 Chain Mail Armor
LoCo
3:33 Loom
11:32 Feudal Age
17:30 Castle Age
15:33 Horse Collar
16:47 Double-Bit Axe
22:33 Bloodlines
22:41 Heavy Plow
23:36 Bow Saw
24:38 Scale Barding Armor
25:57 Chain Barding Armor
Crowbar
11:09 Feudal Age
14:51 Castle Age
13:19 Double-Bit Axe
13:30 Horse Collar
14:08 Loom
15:31 Fletching
18:00 Heavy Plow
24:35 Wheelbarrow
24:36 Town Watch
Connection lost

Rejoining the realm…

Still unreachable

The connection could not be restored.

Session expired

The server has moved on; the page needs a fresh start.